 Dungeon Crawl Stone Soup version 0.31-a0-795-g5eb97db20b (webtiles) character file.

Game seed: 2706875411398949567

62206 demibob the Phalangite (level 15, -18/132 HPs)
             Began as a Merfolk Chaos Knight on Sept 19, 2023.
             Was a Plaything of Xom.
             Demolished by an orc knight
             ... wielding a +3 great mace of protection
              (35 damage)
             ... on level 2 of the Orcish Mines.
             The game lasted 00:49:27 (20941 turns).

demibob the Phalangite (Merfolk Chaos Knight)      Turns: 20941, Time: 00:49:28

Health: -18/132    AC: 20    Str: 16    XL:     15   Next: 5%
Magic:  0/24       EV: 20    Int: 12    God:    Xom [......]
Gold:   1063       SH:  0    Dex: 26    Spells: 14/14 levels left

rFire   . . .        a - +4 bardiche (protect)
rCold   . . .        (shield currently unavailable)
rNeg    + . .        c - +4 ring mail of Vakh {rN+ MP+9 Str+3 Stlth+}
rPois   .            n - +2 helmet {SInv}
rElec   .            (no cloak)
rCorr   .            (no gloves)
SInv    +            k - +2 pair of boots
Will    ++...        x - amulet of guardian spirit
Stlth   ++           D - +6 ring of dexterity
HPRegen 0.42/turn    W - ring of willpower
MPRegen 0.19/turn

%: guardian spirit
@: marked, spiked
A: (nimble swimmer 2), mertail, iridescent scales 2, deterioration 1, no potion
heal 1, inability to drink after injury 1
a: Renounce Religion


You were on level 2 of the Orcish Mines.
You worshipped Xom.
You were a very special plaything of Xom.
You visited 3 branches of the dungeon, and saw 20 of its levels.
You also visited: Bailey.

You collected 1480 gold pieces.
You spent 417 gold pieces at shops.


Innate Abilities, Weirdness & Mutations

((You are very nimble when in or above water. (Stealth+, EV+, Speed+++)))
Your lower body shifts to a powerful aquatic tail in water.
You are mostly covered in iridescent scales. (AC +4)
Your body sometimes deteriorates upon taking damage.
Potions are less effective at restoring your health.
You occasionally lose the ability to drink potions when taking damage.


   Skills:
 + Level 16.3 Fighting
 - Level 24.0 Polearms
 - Level 5.0 Armour
 - Level 10.7 Dodging


You had 14 spell levels left.
You didn't know any spells.
Your spell library contained the following spells:

 Spells                   Type           Power      Damage    Failure   Level
 Apportation              Tloc           0%         N/A       52%         1
 Magic Dart               Conj           0%         1d3       52%         1
 Necrotise                Necr           0%         1d4       52%         1
 Sting                    Tmut/Pois      0%         1d3       52%         1
 Summon Small Mammal      Summ           0%         N/A       52%         1
 Blink                    Tloc           0%         N/A       65%         2
 Call Imp                 Summ           0%         N/A       65%         2
 Poisonous Vapours        Pois/Air       0%         N/A       65%         2
 Sublimation of Blood     Necr           0%         N/A       65%         2
 Frozen Ramparts          Ice            0%         1d1       87%         3
 Mephitic Cloud           Conj/Pois/Air  0%         N/A       87%         3
 Leda's Liquefaction      Hex/Erth       0%         N/A       99%         4
 Manifold Assault         Tloc           0%         N/A       99%         4
 Olgreb's Toxic Radiance  Pois           0%         N/A       99%         4
 Passage of Golubria      Tloc           0%         N/A       99%         4
 Petrify                  Tmut/Erth      0%         N/A       99%         4
 Irradiate                Conj/Tmut      0%         3d11      100%        5
 Lee's Rapid Deconstruct  Erth           0%         3d4*      100%        5
 Metabolic Englaciation   Hex/Ice        0%         N/A       100%        5
 Silence                  Hex/Air        0%         N/A       100%        5
 Summon Forest            Summ/Tloc      0%         N/A       100%        5
 Summon Mana Viper        Hex/Summ       0%         N/A       100%        5
 Leda's Unmaking          Conj/Erth      0%         9d1       100%        6
 Summon Cactus Giant      Summ           0%         N/A       100%        6
 Lehudib's Crystal Spear  Conj/Erth      0%         10d2      100%        8

Inventory:

Hand Weapons
 a - a +4 bardiche of protection (weapon)
 d - a +1 spear of chaos
 v - a +0 halberd of freezing
Armour
 c - the +4 ring mail of Vakh (worn) {rN+ MP+9 Str+3 Stlth+}
   (You took it off a goblin in a bailey)

   Str+3:     It affects your strength (+3).
   rN+:       It protects you from negative energy.
   MP+9:      It affects your magic capacity (+9).
   Stlth+:    It makes you more stealthy.
 k - a +2 pair of boots (worn)
 n - a +2 helmet of see invisible (worn)
Jewellery
 i - an amulet of magic regeneration
 x - an amulet of guardian spirit (around neck)
 D - a +6 ring of dexterity (left hand)
 W - a ring of willpower (right hand)
 Z - a ring of wizardry
Wands
 b - a wand of flame (18)
 q - a wand of polymorph (13)
Scrolls
 j - 4 scrolls of amnesia
 r - 5 scrolls of vulnerability
 s - a scroll of immolation
 u - a scroll of revelation
 w - 11 scrolls of identify {@r1}
 B - a scroll of fog
Potions
 e - 3 potions of attraction
 h - a potion of lignification
 l - 3 potions of brilliance
 A - a potion of enlightenment
 E - a potion of ambrosia

Dungeon Overview and Level Annotations

Branches:
Dungeon (13/15)            Temple (0/1) D:7            Lair (5/5) D:8
 Shoals (0/4) Lair:2        Snake (0/4) Lair:2        Slime (0/5) Lair:4
    Orc (2/2) D:11            Elf (0/3) Orc:2        Bailey (visited)
 Vaults: D:13-14

Altars:
Ashenzari
Elyvilon
Nemelex Xobeh
Uskayaw
Vehumet
Wu Jian
Xom

Shops:
D:7 ?   Orc:1 *([   Orc:2 ((((

Portals:
Trove: D:13 (give +6 fire dragon scales)

Annotations:
Lair:1 2 transporters
Lair:3 3 runed translucent doors, DocEon's ghost, journeyman DEFE
Lair:5 Rupert

** **,,,,*▒▒▒* *
**,,**,,...▒▒ *
*,,▒*,,,o..^▒▒
**,*▒.,,▒▒.▒o∩* *
*,,▒▒..▒▒..▒.,▒▒ *
*,*▒..s▒.§o.▒.∩▒ ***
*,*▒..§.oooo▒§.*
,,******,*▒..§4o4oo§▒,*
,,,**,**,****▒oo@oo§▒,*
,,,,,,,,,.....3oooo§§.▒
,,,,,,**,▒▒▒▒▒ooooo§▒.▒
,,,,,***,**.....§.§3▒,▒
***,** *,**........▒.,*
* *** *,*▒...▒.o..▒.∩*
* *,,▒▒..▒▒.o▒..▒*
**,*▒..,▒▒.▒.∩▒
*,,**,,,,,,,**


You could see 4 orc knights, 3 orc high priests, a hellwing (summoned), an orb
spider shaped shifter, a sixfirhy (summoned), a smoke demon (summoned), 4 orc
sorcerers, a red devil (summoned), 3 orc warriors, 3 orc priests, 2 orc wizards
and a friendly orc warrior (charmed, strong).


Message History

The orc warrior resists with some effort.
The orc high priest mumbles some strange prayers.
The orc high priest hits you with a +0 glaive!
* * * LOW HITPOINT WARNING * * *
The orc warrior suddenly cheers, as Orcs often do.
The orc warrior misses you.
The orc priest miscasts a cantrip.
The orc high priest hits you but does no damage.
The orc warrior hits you with a +0 dire flail!
* * * LOW HITPOINT WARNING * * *
The orc sorcerer misses you.
The orc warrior hits you with a +0 broad axe!
* * * LOW HITPOINT WARNING * * *
The orc sorcerer jeers repeatedly.
The red devil hits you but does no damage.
Aiming: Charm
Press: ? - help, Shift-Dir - straight line, f/p - orc warrior
Aim: an orc warrior, wielding a +0 dire flail and wearing a +0 chain mail (strong, chance to affect: 49%)
The orc warrior is charmed.
The now-empty wand crumbles to dust.
The orc sorcerer says, "Dogrw nutew berg."
The orc high priest hits your orc warrior with a +0 glaive!!
The orc warrior closely misses your orc warrior.
The orc high priest hits you with a +0 war axe.
* * * LOW HITPOINT WARNING * * *
The orc sorcerer barely misses you.
Your orc warrior closely misses the orc high priest.
The orc warrior barely misses your orc warrior.
The orc knight hits you with a +3 great mace of protection!!!
You die...
Xom guffaws!

Skill      XL: |  1  2  3  4  5  6  7  8  9 10 11 12 13 14 |
---------------+-------------------------------------------+-----
Polearms       | 5 6 8 10 12 14 16 18 21 24 | 24.0
Dodging        | 3 8 10 | 10.7
Fighting       | 5 11 16 | 16.3
Armour         | 1 5 |  5.0

Action                     |  1- 3 |  4- 6 |  7- 9 | 10-12 | 13-15 || total
---------------------------+-------+-------+-------+-------+-------++-------
  Melee: Spear             |   154 |   154 |   245 |       |       ||   553
         Punch             |     1 |     3 |     2 |       |       ||     6
         Halberd           |       |       |   248 |   112 |       ||   360
         Bardiche          |       |       |       |   631 |   910 ||  1541
         Tailslap          |       |       |       |     5 |     7 ||    12
  Evoke: Wand              |       |       |     3 |    11 |    13 ||    27
    Use: Scroll            |     3 |     4 |    15 |     9 |    10 ||    41
         Potion            |     1 |     1 |     9 |     9 |     5 ||    25
   Stab: Sleeping          |     1 |     1 |     2 |     8 |    10 ||    22
         Paralysed         |       |     4 |       |       |       ||     4
         Confused          |       |     1 |     5 |     2 |       ||     8
         Distracted        |       |     1 |     1 |     6 |     3 ||    11
         Invisible         |       |       |    12 |       |     1 ||    13
         Petrifying        |       |       |       |     2 |       ||     2
         Petrified         |       |       |       |     2 |       ||     2
 Armour: Leather armour    |    50 |    48 |   172 |    16 |       ||   286
         Steam dragon scal |       |       |       |    52 |       ||    52
         Ring mail         |       |       |       |   305 |   480 ||   785
  Dodge: Dodged            |    86 |    49 |   183 |   538 |   663 ||  1519

Levels and vault maps discovered:
D:1:      minmay_arrival_stone_box, layout_basic
D:2:      layout_basic
D:3:      layout_basic
D:4:      layout_basic, nzn_wu_jian_contemplation, minmay_misc_feat_columns,
          minmay_misc_feat_cross
D:5:      layout_rooms, eat_drink_and_be_merry_uskayaw, minmay_misc_feat_plants,
          lemuel_flame_loot_1
D:6:      kennysheep_housing_project, layout_cave_pools,
          nicolae_elevator_lobby_asterisk
D:7:      layout_basic, nicolae_overflow_hidden_temple,
          brannock_xom_greatest_gift, minmay_temple_entry_fiery, serial_shops,
          nicolae_shop_rolling_square
D:8:      layout_basic, hellmonk_lair_entry_icy, minmay_unpleasant_kobolds
D:9:      layout_layer_cave, vehumet_crystals, enter_bailey_2,
          uniq_prince_ribbit1
D:10:     layout_loops_ring, mainiacjoe_overflow_six_doors_small, serial_glass,
          glass_columns_a, glass_columns_a, uniq_joseph
D:11:     nzn_winding_woodlands_small [nzn_winding_woodlands_5x15_sawtooth,
          nzn_winding_woodlands_center_lodge,
          nzn_winding_woodlands_5x15_lazy_stream], layout_rooms, orc_0_dummy,
          portal_ice_cave_entry_imps, nicolae_elyvilon_temple_path
D:12:     layout_basic
D:13:     layout_stronghold, nicolae_trove_entry_diagonal, grunt_ministairs_3,
          david_defended_altar_orc
Lair:1:   gammafunk_worm_tunnel, layout_gridlike
Lair:2:   layout_roguey, minmay_shoals_entry_hut,
          minmay_snake_entry_guardpost_small, nicolae_quartered_pool_medium
Lair:3:   layout_regular_city, ebering_ghost_rock_garden, serial_bayou_shore_b
Lair:4:   layout_gridlike, slime_entry_1, grunt_megastairs_2
Lair:5:   grunt_lair_end_beastmaster, layout_regular_city, columned_hall_lemuel,
          chequers_serial_rivers_micro_d, infiniplex_staircase_pool,
          grunt_megastairs_3, serial_bayou_shore_a, uniq_rupert
Orc:1:    dreamdust_under_siege, layout_caves, serial_shops,
          nicolae_shop_waterfront, shop, nicolae_shop_waterfront,
          nicolae_shop_tiny_real_fake_doors, hangedman_minor_magic
Orc:2:    st_orc_elflike, layout_diamond_mine, special_room

Notes
Turn   | Place    | Note
-------+----------+-------------------------------------------
     0 | D:1      | demibob the Merfolk Chaos Knight began the quest for the
                  | Orb.
     0 | D:1      | Reached XP level 1. HP: 18/18 MP: 1/1
    40 | D:1      | Reached XP level 2. HP: 23/24 MP: 2/2
   148 | D:1      | Reached skill level 5 in Polearms
   168 | D:1      | XOM: silly message
   243 | D:1      | XOM: 2-stop teleportation journey
   414 | D:1      | Reached XP level 3. HP: 29/29 MP: 3/3
   416 | D:1      | XOM: summons 2 hostile shadow creatures
   803 | D:1      | XOM: give mutation
   803 | D:1      | Gained mutation: You are frail. (-10% HP) [Xom's mischief]
   892 | D:1      | Lost mutation: You are frail. (-10% HP) [potion of
                  | mutation]
   892 | D:1      | Gained mutation: Your flesh is heat resistant. (rF+)
                  | [potion of mutation]
   892 | D:1      | Gained mutation: You are weak. (Str -2) [potion of
                  | mutation]
  1165 | D:2      | Reached skill level 6 in Polearms
  1364 | D:2      | XOM: scenery: 2 doors close
  1589 | D:3      | XOM: give mutations
  1589 | D:3      | Gained mutation: You are partially covered in iridescent
                  | scales. (AC +2) [Xom's grace]
  1589 | D:3      | Gained mutation: Your mind is acute. (Int +4, Str/Dex -1)
                  | [Xom's grace]
  1589 | D:3      | Gained mutation: You are robust. (+10% HP) [Xom's grace]
  1595 | D:3      | Reached XP level 4. HP: 30/38 MP: 4/4
  2198 | D:3      | XOM: give mutations
  2198 | D:3      | Gained mutation: You are mostly covered in iridescent
                  | scales. (AC +4) [Xom's grace]
  2198 | D:3      | Gained mutation: Your mind is very acute. (Int +8, Str/Dex
                  | -2) [Xom's grace]
  2198 | D:3      | Gained mutation: Your natural rate of healing is unusually
                  | fast. [Xom's grace]
  2301 | D:3      | XOM: torment (20/38 hp)
  2381 | D:4      | Reached skill level 7 in Polearms
  2417 | D:4      | an adder changed into a shapeshifter
  2417 | D:4      | Noticed a shapeshifter (shapeshifter)
  2417 | D:4      | a shapeshifter changed into a hog
  2417 | D:4      | Noticed a hog (shapeshifter)
  2426 | D:4      | Killed a hog
  2427 | D:4      | Reached skill level 8 in Polearms
  2427 | D:4      | Reached XP level 5. HP: 44/45 MP: 5/5
  2427 | D:4      | Reached XP level 6. HP: 50/51 MP: 6/6
  2499 | D:4      | XOM: divination: magic mapping
  2565 | D:4      | XOM: cast spell 'Summon Small Mammal'
  2568 | D:4      | XOM: fog
  2574 | D:4      | Reached skill level 9 in Polearms
  2693 | D:4      | You fall into a shaft and drop 2 floors!
  2703 | D:6      | XOM: 1-stop teleportation journey
  2737 | D:5      | Entered Level 5 of the Dungeon
  2737 | D:5      | Found a hide-covered altar of Uskayaw.
  2750 | D:5      | Noticed a water moccasin
  2793 | D:4      | Found an ornate altar of the Wu Jian Council.
  2957 | D:4      | Reached skill level 10 in Polearms
  3064 | D:5      | Noticed a black bear
  3070 | D:5      | XOM: snakes to sticks
  3074 | D:5      | Killed a black bear
  3075 | D:5      | Reached XP level 7. HP: 51/57 MP: 7/7
  3110 | D:5      | XOM: cloud trail
  3236 | D:5      | XOM: cast spell 'Call Canine Familiar'
  3240 | D:5      | XOM: 3-stop teleportation journey
  3398 | D:5      | XOM: silly message
  3442 | D:5      | XOM: divination: detect creatures
  3569 | D:6      | Reached skill level 11 in Polearms
  3777 | D:6      | XOM: silly message
  3796 | D:6      | Reached skill level 12 in Polearms
  3796 | D:6      | Reached XP level 8. HP: 44/63 MP: 8/8
  3899 | D:6      | Reached skill level 13 in Polearms
  3912 | D:6      | XOM: silly message
  3925 | D:6      | XOM: 1-stop teleportation journey
  4181 | D:6      | Reached skill level 14 in Polearms
  4401 | D:6      | XOM: silly message
  4434 | D:6      | XOM: draining
  4438 | D:6      | XOM: give mutations
  4438 | D:6      | Lost mutation: You are robust. (+10% HP) [Xom's mischief]
  4438 | D:6      | Lost mutation: You are weak. (Str -2) [Xom's mischief]
  4450 | D:6      | Reached skill level 3 in Dodging
  4455 | D:6      | Reached XP level 9. HP: 33/59 MP: 9/9
  4498 | D:6      | Reached skill level 4 in Dodging
  4697 | D:6      | XOM: torment (33/64 hp)
  4930 | D:7      | XOM: give mutations
  4930 | D:7      | Gained mutation: You expend magic power (3 MP) to
                  | strengthen your wands. [Xom's mischief]
  4930 | D:7      | Gained mutation: You sometimes lose your temper in combat.
                  | [Xom's mischief]
  4930 | D:7      | Lost mutation: Your flesh is heat resistant. (rF+) [Xom's
                  | mischief]
  4991 | D:7      | Found a broken altar of Ashenzari.
  5034 | D:7      | Reached skill level 15 in Polearms
  5034 | D:7      | Reached skill level 5 in Dodging
  5082 | D:7      | XOM: 2-stop teleportation journey
  5414 | D:7      | XOM: confusion (+ monsters)
  5428 | D:7      | Reached skill level 6 in Dodging
  5459 | D:7      | Found Gutoxips's Magic Scroll Shoppe.
  5486 | D:7      | Bought a scroll of revelation for 82 gold pieces
  5486 | D:7      | Bought a scroll of fear for 44 gold pieces
  5486 | D:7      | Bought a scroll of teleportation for 33 gold pieces
  5535 | D:7      | XOM: give mutations
  5535 | D:7      | Lost mutation: Your natural rate of healing is unusually
                  | fast. [Xom's mischief]
  5535 | D:7      | Lost mutation: Your mind is very acute. (Int +8, Str/Dex
                  | -2) [Xom's mischief]
  5535 | D:7      | Gained mutation: You are weak. (Str -2) [Xom's mischief]
  5609 | D:7      | Found a shimmering altar of Xom.
  5643 | D:7      | Found a staircase to the Ecumenical Temple.
  6056 | D:8      | Reached skill level 7 in Dodging
  6251 | D:8      | Found a staircase to the Lair.
  6251 | D:8      | Noticed a rime drake
  6254 | D:8      | Noticed a polar bear
  6269 | D:8      | Killed a polar bear
  6270 | D:8      | Reached skill level 16 in Polearms
  6270 | D:8      | Reached skill level 8 in Dodging
  6294 | D:8      | XOM: swap monsters
  6299 | D:8      | XOM: summons 5 hostile demons
  6301 | D:8      | Killed a rime drake
  6302 | D:8      | Reached XP level 10. HP: 64/70 MP: 10/10
  6318 | D:8      | Reached skill level 9 in Dodging
  6362 | D:8      | XOM: noise
  6486 | D:8      | Lost mutation: You expend magic power (3 MP) to strengthen
                  | your wands. [potion of mutation]
  6486 | D:8      | Lost mutation: You sometimes lose your temper in combat.
                  | [potion of mutation]
  6486 | D:8      | Lost mutation: You are mostly covered in iridescent scales.
                  | (AC +4) [potion of mutation]
  6486 | D:8      | Gained mutation: You are clumsy. (Dex -2) [potion of
                  | mutation]
  6486 | D:8      | Gained mutation: Your system is resistant to poisons.
                  | (rPois) [potion of mutation]
  6607 | D:8      | XOM: polymorph orc priest -> worm
  6608 | D:8      | XOM: enchant monster (bad)
  6846 | D:8      | XOM: confuse monster(s)
  6949 | D:9      | Found a flagged portal.
  6958 | Bailey   | Entered a bailey
  6990 | Bailey   | Reached skill level 17 in Polearms
  6990 | Bailey   | Reached skill level 10 in Dodging
  6996 | Bailey   | Acquired a +0 bardiche of protection
  7025 | Bailey   | Noticed a kobold demonologist
  7054 | Bailey   | XOM: summons 3 friendly demons
  7058 | Bailey   | Killed a kobold demonologist
  7154 | Bailey   | XOM: blink monster(s)
  7191 | Bailey   | XOM: scenery: 2 doors open, 1 doors close
  7264 | Bailey   | XOM: 2-stop teleportation journey
  7265 | Bailey   | XOM: confuse monster(s)
  7467 | Bailey   | Reached skill level 18 in Polearms
  7757 | Bailey   | XOM: god gift: 42 gold pieces
  7764 | Bailey   | Found an iron altar of Okawaru.
  7764 | Bailey   | Noticed an orc sorcerer
  7768 | Bailey   | XOM: butterfly on damage
  7934 | Bailey   | Identified the +4 ring mail of Vakh {rN+ MP+9 Str+3 Stlth+}
  7941 | Bailey   | Paralysed by an orc sorcerer for 3 turns
  7943 | Bailey   | Noticed a soul eater
  7945 | Bailey   | Killed an orc sorcerer
  8051 | Bailey   | XOM: scenery: 1 doors close
  8113 | D:9      | Found a radiant altar of Vehumet.
  8251 | D:9      | XOM: cast spell 'Discord'
  8252 | D:9      | Reached XP level 11. HP: 46/75 MP: 11/11
  8417 | D:9      | XOM: polymorph acid dragon -> scorpion
  8449 | D:9      | XOM: cast spell 'Alistair's Intoxication'
  8454 | D:9      | XOM: divination: detect creatures
  8459 | D:9      | XOM: silly message
  8464 | D:9      | XOM: potion effect (brilliance)
  8468 | D:9      | Reached skill level 19 in Polearms
  8474 | D:9      | XOM: noise
  8492 | D:9      | Noticed Prince Ribbit
  8535 | D:9      | XOM: noise
  8604 | D:9      | Killed Prince Ribbit
  8606 | D:9      | Noticed a cyclops
  8734 | D:9      | XOM: 1-stop teleportation journey
  8801 | D:9      | XOM: summons friendly quasit
  8818 | D:9      | XOM: chaos upgrade
  8891 | D:9      | XOM: noise
  8968 | D:9      | XOM: 1-stop teleportation journey
  9170 | D:9      | Killed a cyclops
  9392 | D:9      | XOM: scenery: create altars
  9544 | Lair:1   | Entered Level 1 of the Lair of Beasts
  9566 | Lair:1   | Reached skill level 20 in Polearms
  9602 | Lair:1   | XOM: silly message
  9624 | Lair:1   | XOM: cloud trail
  9691 | Lair:1   | Found a transporter.
  9746 | Lair:1   | XOM: polymorph bullfrog -> iguana
  9747 | Lair:1   | XOM: enchant monster (bad)
  9802 | Lair:1   | XOM: give mutations
  9802 | Lair:1   | Lost mutation: You are clumsy. (Dex -2) [Xom's mischief]
  9802 | Lair:1   | Gained mutation: You are robust. (+10% HP) [Xom's mischief]
  9975 | Lair:1   | XOM: 1-stop teleportation journey
 10042 | Lair:1   | Found a transporter.
 10071 | Lair:1   | XOM: cast spell 'Summon Ice Beast'
 10549 | Lair:2   | Reached skill level 21 in Polearms
 10563 | Lair:2   | XOM: cast spell 'Monstrous Menagerie'
 10661 | Lair:2   | XOM: summons friendly shadow imp
 10662 | Lair:2   | XOM: divination: detect items
 10666 | Lair:2   | XOM: summons friendly crimson imp
 10681 | Lair:2   | XOM: summons friendly white imp
 10788 | Lair:2   | Noticed a death yak
 10788 | Lair:2   | Noticed a death yak
 10789 | Lair:2   | Noticed a death yak
 10791 | Lair:2   | XOM: divination: detect items
 10798 | Lair:2   | XOM: destruction
 10801 | Lair:2   | Noticed a death yak
 10808 | Lair:2   | XOM: scenery: 1 doors close
 10827 | Lair:2   | XOM: confuse monster(s)
 10829 | Lair:2   | Noticed a death yak
 10830 | Lair:2   | Noticed a death yak
 10836 | Lair:2   | XOM: cast spell 'Death Channel'
 10843 | Lair:2   | Killed a death yak
 10844 | Lair:2   | Reached XP level 12. HP: 80/89 MP: 12/12
 10856 | Lair:2   | Killed a death yak
 10857 | Lair:2   | Reached skill level 22 in Polearms
 10864 | Lair:2   | Killed a death yak
 10871 | Lair:2   | Killed a death yak
 10874 | Lair:2   | Killed a death yak
 10892 | Lair:2   | Killed a death yak
 10905 | Lair:2   | HP: 7/89 [naga/+0 trident (13)]
 10907 | Lair:2   | Identified a potion of resistance
 10938 | Lair:2   | Reached skill level 23 in Polearms
 11416 | Lair:2   | Found a staircase to the Snake Pit.
 11488 | Lair:2   | Found a staircase to the Shoals.
 11493 | Lair:2   | XOM: enchant monster (good)
 11557 | Lair:2   | XOM: summons 7 hostile demons
 11673 | Lair:2   | XOM: give mutations
 11673 | Lair:2   | Lost mutation: You are partially covered in iridescent
                  | scales. (AC +2) [Xom's mischief]
 11673 | Lair:2   | Lost mutation: You are weak. (Str -2) [Xom's mischief]
 11673 | Lair:2   | Lost mutation: You are robust. (+10% HP) [Xom's mischief]
 11862 | Lair:3   | Noticed a catoblepas
 11862 | Lair:3   | XOM: swap monsters
 11880 | Lair:3   | Killed a catoblepas
 12145 | Lair:3   | XOM: stat loss: -1 Dex (22/23)
 12180 | Lair:3   | XOM: summons 6 hostile demons
 12240 | Lair:3   | Noticed a skyshark
 12251 | Lair:3   | XOM: give mutation
 12251 | Lair:3   | Gained mutation: You occasionally lose the ability to drink
                  | potions when taking damage. [Xom's mischief]
 12268 | Lair:3   | XOM: 3-stop teleportation journey
 12269 | Lair:3   | XOM: confusion
 12271 | Lair:3   | XOM: give mutations
 12271 | Lair:3   | Gained mutation: You are clumsy. (Dex -2) [Xom's mischief]
 12271 | Lair:3   | Gained mutation: You passively map a small area around you.
                  | [Xom's mischief]
 12281 | Lair:3   | Lost mutation: You are clumsy. (Dex -2) [potion of
                  | mutation]
 12281 | Lair:3   | Lost mutation: Your mind is acute. (Int +4, Str/Dex -1)
                  | [potion of mutation]
 12281 | Lair:3   | Gained mutation: Your mind is acute. (Int +4, Str/Dex -1)
                  | [potion of mutation]
 12281 | Lair:3   | Gained mutation: You have supernaturally acute eyesight.
                  | (SInv) [potion of mutation]
 12282 | Lair:3   | Lost mutation: Your mind is acute. (Int +4, Str/Dex -1)
                  | [potion of mutation]
 12282 | Lair:3   | Lost mutation: You passively map a small area around you.
                  | [potion of mutation]
 12282 | Lair:3   | Lost mutation: Your system is resistant to poisons. (rPois)
                  | [potion of mutation]
 12282 | Lair:3   | Gained mutation: You are agile. (Dex +4, Str/Int -1)
                  | [potion of mutation]
 12282 | Lair:3   | Gained mutation: You are partially covered in iridescent
                  | scales. (AC +2) [potion of mutation]
 12329 | Lair:3   | XOM: confusion
 12338 | Lair:3   | XOM: 1-stop teleportation journey
 12358 | Lair:3   | XOM: enchant monster (bad)
 12365 | Lair:3   | Reached skill level 4 in Fighting
 12454 | Lair:3   | XOM: give mutation
 12454 | Lair:3   | Lost mutation: You are partially covered in iridescent
                  | scales. (AC +2) [Xom's mischief]
 12538 | Lair:3   | Reached skill level 24 in Polearms
 12668 | Lair:3   | Reached skill level 1 in Armour
 12677 | Lair:3   | Killed a skyshark
 12678 | Lair:3   | Reached skill level 5 in Fighting
 12701 | Lair:3   | XOM: scenery: create altars
 12710 | Lair:3   | Reached XP level 13. HP: 81/91 MP: 13/13
 12959 | Lair:3   | Found a runed translucent gate.
 12960 | Lair:3   | Found a runed translucent gate.
 12960 | Lair:3   | Found a runed translucent gate.
 12961 | Lair:3   | Noticed DocEon's ghost (journeyman DEFE)
 12965 | Lair:3   | XOM: divination: detect items
 13107 | Lair:4   | Reached skill level 2 in Armour
 13107 | Lair:4   | XOM: cast spell 'Summon Cactus Giant'
 13268 | D:10     | Entered Level 10 of the Dungeon
 13328 | D:10     | XOM: divination: magic mapping
 13402 | D:10     | XOM: cleaving
 13412 | D:10     | Reached skill level 6 in Fighting
 13552 | D:10     | Found a sparkling altar of Nemelex Xobeh.
 13588 | D:10     | XOM: 4-stop teleportation journey
 13685 | D:10     | XOM: polymorph gnoll -> jackal
 13712 | D:10     | Noticed Joseph
 13722 | D:10     | Killed Joseph
 13723 | D:10     | Reached skill level 3 in Armour
 13731 | D:10     | XOM: god gift: 4 stones
 13765 | D:10     | XOM: destruction
 14034 | D:11     | Found a white marble altar of Elyvilon.
 14067 | D:11     | Found a frozen archway.
 14096 | D:11     | XOM: 3-stop teleportation journey
 14100 | D:11     | XOM: summons 9 friendly demons
 14105 | D:11     | Reached skill level 7 in Fighting
 14105 | D:11     | XOM: silly message
 14163 | D:11     | Found a staircase to the Orcish Mines.
 14266 | D:11     | Reached skill level 4 in Armour
 14331 | D:11     | Noticed a frost giant
 14353 | D:11     | XOM: divination: detect creatures
 14355 | D:11     | Killed a frost giant
 14465 | D:11     | XOM: scenery: 1 doors open
 14497 | D:11     | Reached skill level 8 in Fighting
 14639 | D:11     | XOM: divination: detect items
 14658 | D:11     | XOM: divination: magic mapping
 14664 | D:11     | Reached skill level 5 in Armour
 14878 | D:12     | XOM: potion effect (magic)
 14879 | D:12     | XOM: cast spell 'Summon Ice Beast'
 14896 | D:12     | Reached skill level 9 in Fighting
 15040 | D:12     | XOM: divination: detect items
 15053 | D:12     | XOM: noise
 15257 | D:12     | XOM: divine lightning
 15520 | D:12     | Identified the +4 ring mail of Fun and Games {rElec Will+}
 15548 | D:12     | Reached skill level 10 in Fighting
 15780 | D:12     | XOM: potion effect (berserk rage)
 15792 | D:12     | XOM: cast spell 'Summon Mana Viper'
 15801 | D:12     | XOM: cast spell 'Summon Mana Viper'
 16304 | D:12     | XOM: cloud trail
 16411 | D:13     | XOM: noise
 16479 | D:13     | XOM: fog
 16488 | D:13     | Reached skill level 11 in Fighting
 16515 | D:13     | XOM: summons 3 friendly demons
 16521 | D:13     | Reached XP level 14. HP: 94/113 MP: 14/14
 16606 | D:13     | Found a portal to a secret trove of treasure.
 16622 | D:13     | XOM: 2-stop teleportation journey
 16629 | D:13     | XOM: give mutation
 16629 | D:13     | Gained mutation: Your body sometimes deteriorates upon
                  | taking damage. [Xom's mischief]
 16789 | D:13     | Identified the +8 dagger "Jycuitt" {drain, rCorr}
 16841 | D:13     | Reached skill level 12 in Fighting
 16905 | D:13     | XOM: 2-stop teleportation journey
 16944 | D:13     | XOM: polymorph manticore -> shapeshifter
 17127 | D:13     | XOM: give mutations
 17127 | D:13     | Lost mutation: You have supernaturally acute eyesight.
                  | (SInv) [Xom's mischief]
 17127 | D:13     | Lost mutation: You are agile. (Dex +4, Str/Int -1) [Xom's
                  | mischief]
 17127 | D:13     | Gained mutation: You are partially covered in iridescent
                  | scales. (AC +2) [Xom's mischief]
 17448 | D:13     | XOM: stat loss: -1 Dex (23/24)
 17456 | D:13     | XOM: polymorph centaur -> naga
 17798 | Lair:4   | Reached skill level 13 in Fighting
 17809 | Lair:4   | XOM: enchant monster (bad)
 18098 | Lair:4   | XOM: noise
 18359 | Lair:4   | XOM: stat loss: -1 Dex (23/24)
 18361 | Lair:4   | XOM: 2-stop teleportation journey
 18424 | Lair:4   | XOM: swap monsters
 18489 | Lair:4   | XOM: chaos cloud
 18493 | Lair:4   | Paralysed by you for 5 turns
 18501 | Lair:4   | XOM: summons 3 friendly demons
 18510 | Lair:4   | XOM: enchant monster (good)
 18516 | Lair:4   | >>hm
 18521 | Lair:4   | XOM: fake destruction
 18525 | Lair:4   | Reached skill level 14 in Fighting
 18525 | Lair:4   | XOM: divine lightning
 18599 | Lair:4   | XOM: summons 3 hostile demons
 18799 | Lair:4   | Found a staircase to the Slime Pits.
 18872 | Lair:4   | XOM: stat loss: -1 Str (14/15)
 18995 | Lair:4   | XOM: confusion
 19149 | Lair:5   | Entered Level 5 of the Lair of Beasts
 19165 | Lair:5   | XOM: chaos cloud
 19272 | Lair:5   | XOM: confusion (+ monsters)
 19284 | Lair:5   | XOM: 1-stop teleportation journey
 19373 | Lair:5   | XOM: 1-stop teleportation journey
 19503 | Lair:5   | Reached skill level 15 in Fighting
 19510 | Lair:5   | XOM: smoke on damage
 19539 | Lair:5   | XOM: stat loss: -1 Int (11/12)
 19551 | Lair:5   | XOM: give mutation
 19551 | Lair:5   | Gained mutation: Potions are less effective at restoring
                  | your health. [Xom's mischief]
 19561 | Lair:5   | XOM: blink monster(s)
 19714 | Lair:5   | Noticed Rupert
 19793 | Lair:2   | XOM: give mutation
 19793 | Lair:2   | Gained mutation: You are mostly covered in iridescent
                  | scales. (AC +4) [Xom's mischief]
 19897 | Orc:1    | Entered Level 1 of the Orcish Mines
 19969 | Orc:1    | Found Ruhimpoc's General Store.
 20002 | Orc:1    | Found Faublet's Armour Shoppe.
 20009 | Orc:1    | XOM: divination: detect items
 20013 | Orc:1    | XOM: cast spell 'Summon Ice Beast'
 20341 | Orc:1    | XOM: divination: detect creatures
 20357 | Orc:1    | Found Wapnoade's Weapon Shoppe.
 20367 | Orc:1    | XOM: noise
 20370 | Orc:1    | XOM: potion effect (berserk rage)
 20435 | Orc:1    | XOM: noise
 20505 | Orc:1    | XOM: 1-stop teleportation journey
 20681 | Orc:1    | Reached skill level 16 in Fighting
 20692 | Orc:1    | Reached XP level 15. HP: 131/131 MP: 15/15
 20765 | Orc:1    | Bought a +2 helmet of see invisible for 258 gold pieces
 20784 | Orc:2    | Entered Level 2 of the Orcish Mines
 20904 | Orc:2    | Noticed an orc warlord
 20925 | Orc:2    | Killed an orc warlord
 20931 | Orc:2    | Found Inioly's Weapon Shop.
 20931 | Orc:2    | Found Olukla Walu's Weapon Shop.
 20931 | Orc:2    | Found Bunuc's Weapon Shoppe.
 20931 | Orc:2    | XOM: 1-stop teleportation journey
 20932 | Orc:2    | >>dead
 20934 | Orc:2    | Found Opur's Antique Weapon Shoppe.
 20937 | Orc:2    | XOM: polymorph orc wizard -> glowing shapeshifter
 20941 | Orc:2    | Demolished by an orc knight

Vanquished Creatures
  A frost giant (D:11)
  An orc warlord (Orc:2)
  2 hydras
  A catoblepas (Lair:3)
  3 two-headed ogres (D:11)
  3 centaur warriors (D:13)
  3 boulder beetles
  2 tengu warriors
  6 death yaks
  A skyshark (Lair:3)
  A lindwurm (Lair:5)
  A deep elf zephyrmancer (Orc:1)
  An orc knight (Orc:1)
  2 deep elf pyromancers
  A necromancer (Orc:1)
  4 orc sorcerers
  3 manticores
  3 cyclopes
  7 elephants
  3 black mambas
  2 gargoyles
  Joseph (D:10)
  3 unseen horrors
  9 cane toads
  4 kobold demonologists
  An efreet (D:13)
  8 komodo dragons
  5 rime drakes
  A tengu conjurer (D:13)
  9 trolls
  7 polar bears
  Prince Ribbit (D:9)
  9 blink frogs
  2 hornets (D:8)
  A snapping turtle (Lair:2)
  15 slime creatures (D:12)
  6 wyverns
  A shadow (D:11)
  A spriggan (shapeshifter) (D:13)
  5 wraiths
  43 yaks
  A hog (shapeshifter) (D:4)
  3 basilisks
  A steam dragon (D:8)
  11 vampire mosquitoes
  4 nagas
  2 wargs
  8 water moccasins
  A swamp drake (Orc:1)
  2 black bears
  21 orc warriors
  5 ice beasts (D:8)
  3 sky beasts
  4 ogres
  7 centaurs
  6 wolves
  A phantom (D:7)
  2 kobold brigands
  2 gnoll sergeants (D:6)
  2 scorpions
  14 bullfrogs
  3 wights (D:7)
  2 killer bees (D:9)
  7 electric eels
  A howler monkey (D:8)
  A crimson imp (Orc:1)
  6 gnoll boudas
  9 hounds
  A jelly (D:6)
  12 orc priests
  2 sleepcaps
  An iron imp (Orc:1)
  6 iguanas
  15 orc wizards
  24 gnolls
  4 adders
  An orc skeleton (Orc:1)
  A shadow imp (Orc:1)
  15 white imps
  An orc simulacrum (Orc:1)
  A worm (D:8)
  A dart slug (D:3)
  51 orcs
  8 ball pythons
  5 endoplasms
  3 giant cockroaches
  19 goblins
  9 hobgoblins
  3 jackals
  27 kobolds
  3 quokkas
  3 bats (D:1)
  4 frilled lizards
  4 rats
536 creatures vanquished.

Vanquished Creatures (collateral kills)
  3 death yaks (Lair:2)
  A komodo dragon (Lair:4)
  A blink frog (Lair:1)
  A slime creature (D:12)
  A naga (Lair:2)
  A gnoll sergeant (D:9)
  2 killer bees (D:9)
  An electric eel (Lair:2)
  An orc wizard (D:6)
  2 orcs
  A hobgoblin (Bailey)
  A kobold (D:12)
16 creatures vanquished.

Vanquished Creatures (others)
  5 orc warriors
  A killer bee (D:9)
  A hound zombie (D:6)
  2 gnolls (Bailey)
  An orc zombie (Orc:1)
  A gnoll zombie (D:6)
  An orc (D:6)
12 creatures vanquished.

Grand Total: 564 creatures vanquished

Table legend: (Time is in decaauts)
 A = Elapsed time spent in this place.
 B = Non-inter-level travel time spent in this place.
 C = Inter-level travel time spent in this place.
 D = Time resting spent in this place.
 E = Time spent auto-exploring this place.
 F = Levels seen in this place.
 G = Mean time per level.
                   A        B        C        D        E       F      G
               +--------+--------+--------+--------+--------+-----+--------+
         Total |  20221 |  19263 |    958 |   1705 |  13608 |  21 |  962.9 |
       Dungeon |  12654 |  12000 |    654 |    664 |   9085 |  13 |  973.4 |
          Lair |   5611 |   5352 |    259 |    611 |   3585 |   5 | 1122.2 |
  Orcish Mines |    869 |    824 |     45 |    105 |    454 |   2 |  434.5 |
        Bailey |   1086 |   1086 |      0 |    324 |    482 |   1 | 1086.0 |
               +--------+--------+--------+--------+--------+-----+--------+

Top non-repeatable levels by time:
  Lair:4: 1479 daAuts
     D:9: 1469 daAuts
    D:12: 1455 daAuts
  Lair:3: 1244 daAuts
    D:13: 1223 daAuts
  Lair:2: 1187 daAuts
     D:8: 1179 daAuts
     D:6: 1170 daAuts
  Lair:1: 1149 daAuts
  Bailey: 1086 daAuts
    D:11: 1003 daAuts
     D:7: 974 daAuts
     D:1: 927 daAuts
     D:3: 796 daAuts
    D:10: 749 daAuts

Table legend:
 A = Non-vault XP
 B = Vault XP
 C = Vault XP percentage of total XP
 D = Non-vault monster count
 E = Vault monster count
 F = Vault count percentage of total count
                 A         B        C        D         E       F
            +---------+---------+-------+---------+---------+-------
      Total |   68699 |   20168 |  22.7 |     405 |     150 |  27.0
            +---------+---------+-------+---------+---------+-------
        D:1 |      41 |       0 |   0.0 |      26 |       0 |   0.0
        D:2 |      32 |       0 |   0.0 |      13 |       0 |   0.0
        D:3 |      34 |       0 |   0.0 |      11 |       0 |   0.0
        D:4 |     406 |       0 |   0.0 |      15 |       0 |   0.0
        D:5 |     211 |       0 |   0.0 |       5 |       0 |   0.0
        D:6 |     824 |     992 |  54.6 |      22 |      30 |  57.7
        D:7 |    1069 |       0 |   0.0 |      18 |       0 |   0.0
        D:8 |    1474 |    1399 |  48.7 |      30 |      14 |  31.8
        D:9 |    2244 |     286 |  11.3 |      26 |       1 |   3.7
       D:10 |    2872 |     423 |  12.8 |      23 |       1 |   4.2
       D:11 |    3296 |    6397 |  66.0 |      11 |      26 |  70.3
       D:12 |    6494 |       0 |   0.0 |      31 |       0 |   0.0
       D:13 |    6560 |    1769 |  21.2 |      17 |       5 |  22.7
     Lair:1 |    3741 |       0 |   0.0 |      17 |       0 |   0.0
     Lair:2 |    8065 |     899 |  10.0 |      23 |       5 |  17.9
     Lair:3 |    7837 |       0 |   0.0 |      32 |       0 |   0.0
     Lair:4 |   12335 |     454 |   3.5 |      40 |       2 |   4.8
     Lair:5 |    6035 |    2552 |  29.7 |      16 |       6 |  27.3
      Orc:1 |    3613 |    2498 |  40.9 |      22 |      27 |  55.1
      Orc:2 |    1516 |       0 |   0.0 |       7 |       0 |   0.0
     Bailey |       0 |    2499 | 100.0 |       0 |      33 | 100.0
            +---------+---------+-------+---------+---------+-------
